 Dungeon Crawl Stone Soup version 0.30.1-11-g7821555f0a (webtiles) character file.

Game seed: 168790176686461069

25 Kagerus the Poker (level 3, 27/27 HPs)
             Began as a Merfolk Gladiator on Oct 29, 2023.
             Was a Follower of Kikubaaqudgha.
             Got out of the dungeon alive.
             The game lasted 00:02:34 (323 turns).

Kagerus the Poker (Merfolk Gladiator)                Turns: 323, Time: 00:02:35

Health: 27/27      AC:  4    Str: 14    XL:     3   Next: 4%
Magic:  3/3        EV: 13    Int:  7    God:    Kikubaaqudgha [*.....]
Gold:   31         SH:  0    Dex: 17    Spells: 2/2 levels left

rFire   . . .        a - +0 trident
rCold   . . .        (no shield)
rNeg    . . .        b - +0 leather armour
rPois   .            c - +0 helmet
rElec   .            (no cloak)
rCorr   .            (no gloves)
SInv    .            (no boots)
Will    .....        (no amulet)
Stlth   +            (no ring)
HPRegen 0.24/turn    (no ring)
MPRegen 0.08/turn

%: no passive effects
@: no status effects
A: (nimble swimmer 2), mertail
a: Renounce Religion, Unearth Wretches


You escaped.
You worshipped Kikubaaqudgha.
Kikubaaqudgha was aware of your devotion.
You visited 1 branch of the dungeon, and saw 1 of its levels.

You collected 31 gold pieces.

Inventory:

Hand Weapons
 a - a +0 trident (weapon)
Missiles
 d - 3 throwing nets (quivered)
 e - a javelin
Armour
 b - a +0 leather armour (worn)
 c - a +0 helmet (worn)
Scrolls
 f - a scroll of identify {unknown}
 h - a scroll of torment {unknown}
Potions
 g - a potion of heal wounds {unknown}
 i - a potion of lignification {unknown}


   Skills:
 - Level 2.1 Fighting
 + Level 5.5 Polearms
 - Level 2.0 Throwing
 - Level 4.0 Dodging


You had 2 spell levels left.
You didn't know any spells.
Your spell library contained the following spells:

 Spells                   Type           Power      Damage    Failure   Level
 Kiss of Death            Conj/Necr      0%         2d5       52%         1
 Necrotise                Necr           0%         1d4       52%         1
 Cigotuvi's Dreadful Rot  Necr/Pois/Air  0%         N/A       65%         2
 Sublimation of Blood     Necr           0%         N/A       65%         2


Dungeon Overview and Level Annotations

Branches:
Dungeon (1/15)

Altars:
Kikubaaqudgha


Innate Abilities, Weirdness & Mutations

((You are very nimble when in or above water. (Stealth+, EV+, Speed+++)))
Your lower body shifts to a powerful aquatic tail in water.


Message History

Found a grey potion and 8 stones.
g - a grey potion
There is a faded altar of an unknown god here.
This altar belongs to (a) Vehumet, (b) Kikubaaqudgha or (c) Makhleb, but you can't tell which.
Press the corresponding letter to learn more about a god, or press enter to convert or escape to cancel.
Okay, then.
This altar belongs to (a) Vehumet, (b) Kikubaaqudgha or (c) Makhleb, but you can't tell which.
Press the corresponding letter to learn more about a god, or press enter to convert or escape to cancel.
Kikubaaqudgha accepts your prayer! Kikubaaqudgha welcomes you!
You can now bring forth the wretched and dying.
Kikubaaqudgha grants you a gift!
You add the spells Kiss of Death, Necrotise, Cigotuvi's Dreadful Rot and Sublimation of Blood to your library.
Okay, then.
Things that are here:
a +0 short sword; a kobold corpse
h - a scroll labelled ZISUODO DIOT
i - a bubbling black potion A frilled lizard comes into view.
A frilled lizard is nearby!
Found a stone staircase leading down.
The frilled lizard hisses angrily.
You reach to attack!
You miss the frilled lizard. You miss the frilled lizard.
The frilled lizard bites you but does no damage.
You hit the frilled lizard.
You kill the frilled lizard!
Kikubaaqudgha accepts your kill.
No target in view!
No target in view!
No target in view!
No target in view!
No target in view!
No target in view!
No target in view!
No target in view!
No target in view!
No target in view!
No target in view!
There is a staircase leading out of the dungeon here.
Are you sure you want to leave the Dungeon?
This will make you lose the game!
You have escaped!

#....#...#######..######
#...†#P.P# #...#
#....#P.P# ##..###
#....#P.P# #....###
#.##.#P.P# #.##...#
#.##.#P.P# #.####.# ..
#.#P.P# #.# #.. #P.P#
#.# ##.. #P@P# #.###..#
#P.P# #.##..## #P.P#
#####....## #P.P#
#......#####
#P.P##...####.# >.
#P.P#.. #.###.# #P.P#
#..#..# #P.P# ##.#.##
#....#


There were no monsters in sight!

Vanquished Creatures
  A gnoll (D:1)
  A ball python (D:1)
  2 bats (D:1)
  A giant cockroach (D:1)
  2 goblins (D:1)
  3 jackals (D:1)
  2 kobolds (D:1)
  A frilled lizard (D:1)
13 creatures vanquished.

Notes
Turn   | Place    | Note
-------+----------+-------------------------------------------
     0 | D:1      | Kagerus the Merfolk Gladiator began the quest for the Orb.
     0 | D:1      | Reached XP level 1. HP: 16/16 MP: 1/1
    87 | D:1      | Reached XP level 2. HP: 22/22 MP: 2/2
   110 | D:1      | Reached skill level 5 in Polearms
   150 | D:1      | Found a faded altar of an unknown god.
   166 | D:1      | Reached XP level 3. HP: 27/27 MP: 3/3
   185 | D:1      | Prayed at the altar of an unknown god.
   185 | D:1      | Became a worshipper of Kikubaaqudgha
   185 | D:1      | Reached * piety under Kikubaaqudgha
   185 | D:1      | Received a gift from Kikubaaqudgha
   323 | D:$      | Got out of the dungeon alive.

Illustrated notes

Levels and vault maps discovered:
D:1:      eino_arrival_tree_alley, layout_rooms,
          hellmonk_ecumenical_altar_dog_temple

Skill      XL: |  1  2 |
---------------+-------+-----
Polearms       | 5 |  5.5
Fighting       | |  2.1
Throwing       | |  2.0
Dodging        | |  4.0

Action                     || total
---------------------------++-------
  Melee: Trident           ||    36
 Armour: Leather armour    ||    18
  Dodge: Dodged            ||    21
